NCAA
RUTGERS SCARLET KNIGHTS @ VIRGINIA TECH HOKIES
05/22/2027
 
TOP OF THE 1ST
Rutgers Scarlet Knights batting - Pitching for Virginia Tech Hokies : RHP Don Ramsey
Pitching: RHP Don Ramsey
Batting: LHB Dave Watkins 0-0: Ball
1-0: Ball
2-0: Ball
3-0: Base on Balls
Batting: RHB Jesús León 0-0: Called Strike
0-1: Called Strike
0-2: Ball
1-2: Strikes out swinging
Batting: SHB Woody Stanley 0-0: Ball
Dave Watkins steals 2nd base
1-0: Called Strike
1-1: Called Strike
1-2: SINGLE (Line Drive, 4)
Dave Watkins to third
Runner from 3rd tries for Home, SAFE, no throw
Batting: LHB Carlos Hernández 0-0: Ball
1-0: Called Strike
1-1: Ball
2-1: Ball
3-1: SINGLE (Line Drive, 89M)
Woody Stanley to second
Batting: RHB Howard Battle 0-0: Called Strike
0-1: Called Strike
0-2: Ball
1-2: Hit by Pitch
Woody Stanley to third
Carlos Hernández to second
Batting: LHB Zander Rutherford 0-0: Called Strike
0-1: Called Strike
0-2: Ball
1-2: Strikes out swinging
Batting: RHB Norm Gunn 0-0: Ball
1-0: Ball
2-0: Called Strike
2-1: Ball
3-1: Ground out 1-3 (Groundball, P)
Top of the 1st over - 1 run(s), 2 hit(s), 0 error(s), 3 left on base; Rutgers 1 - Virginia Tech 0
BOTTOM OF THE 1ST
Virginia Tech Hokies batting - Pitching for Rutgers Scarlet Knights : LHP Gary Fox
Pitching: LHP Gary Fox
Batting: RHB Francisco Medina 0-0: Called Strike
0-1: Ball
1-1: Ball
2-1: Swinging Strike
2-2: Ball
3-2: Reached on error, E5 (Groundball, 56S)
Batting: RHB Eric Clay 0-0: Ball
1-0: Swinging Strike
1-1: Foul Ball, location: 2F
1-2: Foul Ball, location: 2F
1-2: Foul Ball, location: 2F
1-2: Reached on error, E6 (Groundball, 6)
Francisco Medina scores
Batting: LHB Juan Carlos Manuel 0-0: Swinging Strike
0-1: Ball
1-1: Called Strike
1-2: Ground out 4-3 (Groundball, 4S)
Eric Clay to third
Batting: RHB Clay Smith 0-0: Fly out, F5 (Popup, 5S)
Batting: RHB Lawrence Ware 0-0: SINGLE (Groundball, 34S) (infield hit)
Eric Clay scores
Batting: RHB Rob Fleming 0-0: Ball
1-0: Ball
2-0: Ball
3-0: Called Strike
3-1: Foul Ball, location: 2F
3-2: Foul Ball, location: 2F
3-2: Fly out, F8 (Flyball, 8RS)
Bottom of the 1st over - 2 run(s), 1 hit(s), 2 error(s), 1 left on base; Rutgers 1 - Virginia Tech 2
TOP OF THE 2ND
Rutgers Scarlet Knights batting - Pitching for Virginia Tech Hokies : RHP Don Ramsey
Batting: RHB Eric Green 0-0: Called Strike
0-1: Ball
1-1: Swinging Strike
1-2: Strikes out looking
Batting: RHB Chris Barker 0-0: Ball
1-0: Ball
2-0: Called Strike
2-1: Fly out, F7 (Line Drive, 7)
Batting: LHB Dave Watkins 0-0: Called Strike
0-1: Foul Ball, location: 2F
0-2: Foul Ball, location: 2F
0-2: Ball
1-2: Foul Ball, location: 2F
1-2: Strikes out swinging
Top of the 2nd over - 0 run(s), 0 hit(s), 0 error(s), 0 left on base; Rutgers 1 - Virginia Tech 2
BOTTOM OF THE 2ND
Virginia Tech Hokies batting - Pitching for Rutgers Scarlet Knights : LHP Gary Fox
Batting: RHB Nathan Taylor 0-0: Called Strike
0-1: Fly out, F6 (Popup, 56D)
Batting: RHB Elliott Short 0-0: Ball
1-0: Swinging Strike
1-1: Foul Ball, location: 2F
1-2: Ball
2-2: Strikes out swinging
Batting: RHB Dusty Green 0-0: Swinging Strike
0-1: Ball
1-1: Swinging Strike
1-2: Foul Ball, location: 2F
1-2: Strikes out swinging
Bottom of the 2nd over - 0 run(s), 0 hit(s), 0 error(s), 0 left on base; Rutgers 1 - Virginia Tech 2
TOP OF THE 3RD
Rutgers Scarlet Knights batting - Pitching for Virginia Tech Hokies : RHP Don Ramsey
Batting: RHB Jesús León 0-0: Swinging Strike
0-1: Ball
1-1: Ball
2-1: Ball
3-1: Foul Ball, location: 2F
3-2: Strikes out looking
Batting: SHB Woody Stanley 0-0: Foul Ball, location: 2F
0-1: Called Strike
0-2: Ball
1-2: Ball
2-2: Ground out 4-3 (Groundball, 4M)
Batting: LHB Carlos Hernández 0-0: Ball
1-0: Swinging Strike
1-1: Foul Ball, location: 2F
1-2: Ball
2-2: Foul Ball, location: 2F
2-2: SINGLE (Line Drive, 7LS)
Batting: RHB Howard Battle 0-0: Ball
1-0: Called Strike
1-1: Foul Ball, location: 2F
1-2: Strikes out swinging
Top of the 3rd over - 0 run(s), 1 hit(s), 0 error(s), 1 left on base; Rutgers 1 - Virginia Tech 2
BOTTOM OF THE 3RD
Virginia Tech Hokies batting - Pitching for Rutgers Scarlet Knights : LHP Gary Fox
Batting: RHB Francisco Medina 0-0: Swinging Strike
0-1: Ball
1-1: Called Strike
1-2: Foul Ball, location: 2F
1-2: Foul Ball, location: 2F
1-2: Strikes out looking
Batting: RHB Eric Clay 0-0: Called Strike
0-1: Fly out, F8 (Flyball, 8LS)
Batting: LHB Juan Carlos Manuel 0-0: Called Strike
0-1: Fly out, F8 (Flyball, 8LM)
Bottom of the 3rd over - 0 run(s), 0 hit(s), 0 error(s), 0 left on base; Rutgers 1 - Virginia Tech 2
TOP OF THE 4TH
Rutgers Scarlet Knights batting - Pitching for Virginia Tech Hokies : RHP Don Ramsey
Batting: LHB Zander Rutherford 0-0: Called Strike
0-1: Foul Ball, location: 2F
0-2: Foul Ball, location: 2F
0-2: Strikes out swinging, 2-3 out at first.
Batting: RHB Norm Gunn 0-0: Called Strike
0-1: Called Strike
0-2: Foul Ball, location: 2F
0-2: Fly out, F3 (Popup, 3L)
Batting: RHB Eric Green 0-0: Swinging Strike
0-1: Called Strike
0-2: Foul Ball, location: 2F
0-2: Foul Ball, location: 2F
0-2: Strikes out swinging
Top of the 4th over - 0 run(s), 0 hit(s), 0 error(s), 0 left on base; Rutgers 1 - Virginia Tech 2
BOTTOM OF THE 4TH
Virginia Tech Hokies batting - Pitching for Rutgers Scarlet Knights : LHP Gary Fox
Batting: RHB Clay Smith 0-0: Ball
1-0: Foul Ball, location: 2F
1-1: Called Strike
1-2: Ball
2-2: Strikes out swinging
Batting: RHB Lawrence Ware 0-0: Ball
1-0: Foul Ball, location: 2F
1-1: Ball
2-1: Foul Ball, location: 2F
2-2: SINGLE (Flyball, 9S)
Batting: RHB Rob Fleming 0-0: Ball
1-0: Foul Ball, location: 2F
1-1: Ball
2-1: Called Strike
2-2: Strikes out swinging
Batting: RHB Nathan Taylor 0-0: Foul Ball, location: 2F
0-1: Ball
1-1: Swinging Strike
1-2: Ball
2-2: Strikes out swinging
Bottom of the 4th over - 0 run(s), 1 hit(s), 0 error(s), 1 left on base; Rutgers 1 - Virginia Tech 2
TOP OF THE 5TH
Rutgers Scarlet Knights batting - Pitching for Virginia Tech Hokies : RHP Don Ramsey
Batting: RHB Chris Barker 0-0: Foul Ball, location: 2F
0-1: Ball
1-1: Swinging Strike
Error on foul ball, E2
1-2: Ball
2-2: Ball
3-2: Fly out, F8 (Flyball, 8RM)
Pitching: RHP John Harris
Batting: LHB Dave Watkins 0-0: SINGLE (Line Drive, 4D)
Batting: RHB Jesús León 0-0: Ball
1-0: TRIPLE (Flyball, 9LM)
Dave Watkins scores
Batting: SHB Woody Stanley 0-0: Intentional Walk
Batting: LHB Carlos Hernández 0-0: Ball
1-0: Called Strike
Woody Stanley steals 2nd base
1-1: Intentional Walk
Batting: RHB Howard Battle 0-0: Foul Ball, location: 2F
0-1: Fielders Choice at 2nd, 6-4 (Groundball, 6)
Jesús León scores
Woody Stanley to third
Batting: LHB Zander Rutherford 0-0: Ball
1-0: Ball
2-0: Fly out, F5 (Popup, 5L)
Top of the 5th over - 2 run(s), 2 hit(s), 1 error(s), 2 left on base; Rutgers 3 - Virginia Tech 2
BOTTOM OF THE 5TH
Virginia Tech Hokies batting - Pitching for Rutgers Scarlet Knights : LHP Gary Fox
Batting: RHB Elliott Short 0-0: Called Strike
0-1: Ball
1-1: Ball
2-1: SINGLE (Line Drive, 9LM)
Batting: RHB Dusty Green 0-0: Fly out, F8 (Flyball, 8LM)
Batting: RHB Francisco Medina 0-0: Called Strike
0-1: Fly out, F9 (Flyball, 89M)
Batting: RHB Eric Clay 0-0: Swinging Strike
0-1: Foul Ball, location: 2F
0-2: SINGLE (Groundball, 4MD)
Elliott Short to second
Batting: LHB Juan Carlos Manuel 0-0: Called Strike
0-1: Swinging Strike
0-2: Ball
1-2: Ground out 4-3 (Groundball, 4MS)
Bottom of the 5th over - 0 run(s), 2 hit(s), 0 error(s), 2 left on base; Rutgers 3 - Virginia Tech 2
TOP OF THE 6TH
Rutgers Scarlet Knights batting - Pitching for Virginia Tech Hokies : RHP John Harris
Batting: RHB Norm Gunn 0-0: Ball
1-0: Ball
2-0: Foul Ball, location: 2F
2-1: Foul Ball, location: 2F
2-2: Fly out, F8 (Flyball, 8LD)
Batting: RHB Eric Green 0-0: Called Strike
0-1: Ball
1-1: Swinging Strike
1-2: Fly out, F9 (Line Drive, 9)
Batting: RHB Chris Barker 0-0: Ball
1-0: Called Strike
1-1: Foul Ball, location: 2F
1-2: Strikes out swinging
Top of the 6th over - 0 run(s), 0 hit(s), 0 error(s), 0 left on base; Rutgers 3 - Virginia Tech 2
BOTTOM OF THE 6TH
Virginia Tech Hokies batting - Pitching for Rutgers Scarlet Knights : LHP Gary Fox
Pitching: RHP Tommy Holmes
Batting: RHB Clay Smith 0-0: Called Strike
0-1: Swinging Strike
0-2: Strikes out swinging
Batting: RHB Lawrence Ware 0-0: Ball
1-0: Swinging Strike
1-1: Fly out, F9 (Flyball, 9)
Batting: RHB Rob Fleming 0-0: Ball
1-0: Ground out 6-3 (Groundball, 6S)
Bottom of the 6th over - 0 run(s), 0 hit(s), 0 error(s), 0 left on base; Rutgers 3 - Virginia Tech 2
TOP OF THE 7TH
Rutgers Scarlet Knights batting - Pitching for Virginia Tech Hokies : RHP John Harris
Batting: LHB Dave Watkins 0-0: Called Strike
0-1: Foul Ball, location: 2F
0-2: Foul Ball, location: 2F
0-2: Ball
1-2: Ball
2-2: Ball
3-2: Strikes out swinging
Batting: RHB Jesús León 0-0: Called Strike
0-1: Ball
1-1: Fly out, F9 (Flyball, 89M)
Batting: SHB Woody Stanley 0-0: Foul Ball, location: 2F
0-1: Ball
1-1: Called Strike
1-2: Ball
2-2: Foul Ball, location: 2F
2-2: Ball
3-2: Ground out 4-3 (Groundball, 4)
Top of the 7th over - 0 run(s), 0 hit(s), 0 error(s), 0 left on base; Rutgers 3 - Virginia Tech 2
BOTTOM OF THE 7TH
Virginia Tech Hokies batting - Pitching for Rutgers Scarlet Knights : RHP Tommy Holmes
Batting: RHB Nathan Taylor 0-0: Called Strike
0-1: Ball
1-1: Swinging Strike
1-2: Ground out 5-3 (Groundball, 5S)
Batting: RHB Elliott Short 0-0: Ball
1-0: Ground out 6-3 (Groundball, 6)
Batting: RHB Dusty Green 0-0: Called Strike
0-1: Ball
1-1: Foul Ball, location: 2F
1-2: Strikes out swinging
Bottom of the 7th over - 0 run(s), 0 hit(s), 0 error(s), 0 left on base; Rutgers 3 - Virginia Tech 2
TOP OF THE 8TH
Rutgers Scarlet Knights batting - Pitching for Virginia Tech Hokies : RHP John Harris
Batting: LHB Carlos Hernández 0-0: Ball
1-0: Ball
2-0: Ball
3-0: Called Strike
3-1: Base on Balls
Pitching: RHP John Arnold
Batting: RHB Howard Battle 0-0: Ball
1-0: Ball
2-0: Called Strike
2-1: Ground out U3 (Groundball, 34S)
Carlos Hernández to second
Batting: LHB Zander Rutherford 0-0: Intentional Walk
Pinch Hitting: RHB Bill Shaffer 0-0: Swinging Strike
0-1: Swinging Strike
0-2: Foul Ball, location: 2F
0-2: Strikes out swinging
Batting: RHB Eric Green 0-0: Ball
1-0: Ball
2-0: Fly out, F9 (Flyball, 89S)
Top of the 8th over - 0 run(s), 0 hit(s), 0 error(s), 2 left on base; Rutgers 3 - Virginia Tech 2
BOTTOM OF THE 8TH
Virginia Tech Hokies batting - Pitching for Rutgers Scarlet Knights : RHP Tommy Holmes
Now at 1B: Bill Shaffer
Batting: RHB Francisco Medina 0-0: Called Strike
0-1: Ball
1-1: Called Strike
1-2: Strikes out swinging
Batting: RHB Eric Clay 0-0: Ball
1-0: Swinging Strike
1-1: Foul Ball, location: 2F
1-2: Foul Ball, location: 2F
1-2: Foul Ball, location: 2F
1-2: Ball
2-2: Ball
3-2: DOUBLE (Line Drive, 7LM)
Pitching: LHP Rubén De La Garza
Batting: LHB Juan Carlos Manuel 0-0: Ball
1-0: Ball
2-0: Ball
3-0: Base on Balls
Pitching: RHP Mark Bullard
Batting: RHB Clay Smith 0-0: Ball
1-0: Ball
2-0: Swinging Strike
2-1: Ground out 5-3 (Groundball, 5S)
Eric Clay to third
Juan Carlos Manuel to second
Batting: RHB Lawrence Ware 0-0: Ball
1-0: Ball
2-0: Foul Ball, location: 2F
2-1: Called Strike
2-2: Foul Ball, location: 2F
2-2: Strikes out swinging
Bottom of the 8th over - 0 run(s), 1 hit(s), 0 error(s), 2 left on base; Rutgers 3 - Virginia Tech 2
TOP OF THE 9TH
Rutgers Scarlet Knights batting - Pitching for Virginia Tech Hokies : RHP John Arnold
Pitching: RHP Mario Rangel
Batting: RHB Chris Barker 0-0: Ball
1-0: Called Strike
1-1: SOLO HOME RUN (Flyball, 9D), Distance : 353 ft
Batting: LHB Dave Watkins 0-0: Foul Ball, location: 2F
0-1: Foul Ball, location: 2F
0-2: Ball
1-2: Ball
2-2: Foul Ball, location: 2F
2-2: Fly out, F8 (Flyball, 8LM)
Batting: RHB Jesús León 0-0: Called Strike
0-1: Ball
1-1: Ball
2-1: Ball
3-1: Base on Balls
Batting: SHB Woody Stanley 0-0: Ball
1-0: Foul Ball, location: 2F
1-1: Ball
2-1: Fielders Choice at 2nd, 6-4 (Groundball, 6)
Batting: LHB Carlos Hernández 0-0: 2-RUN HOME RUN (Flyball, 9D), Distance : 350 ft
Pitching: LHP Phil Green
Batting: RHB Howard Battle 0-0: Ball
1-0: Ball
2-0: Ball
3-0: Base on Balls
Batting: LHB Zander Rutherford 0-0: Ball
1-0: Fielders Choice at 2nd, 4-6 (Groundball, 4)
Top of the 9th over - 3 run(s), 2 hit(s), 0 error(s), 0 left on base; Rutgers 6 - Virginia Tech 2
BOTTOM OF THE 9TH
Virginia Tech Hokies batting - Pitching for Rutgers Scarlet Knights : RHP Mark Bullard
Batting: RHB Rob Fleming 0-0: Ball
1-0: Called Strike
1-1: Swinging Strike
1-2: Foul Ball, location: 2F
1-2: Ball
2-2: Strikes out looking
Batting: RHB Nathan Taylor 0-0: Ball
1-0: Ball
2-0: Foul Ball, location: 2F
2-1: Swinging Strike
2-2: Foul Ball, location: 2F
2-2: Fly out, F7 (Line Drive, 7S)
Batting: RHB Elliott Short 0-0: Ball
1-0: Ball
2-0: Ball
3-0: Base on Balls
Batting: RHB Dusty Green 0-0: Called Strike
0-1: Ball
1-1: Foul Ball, location: 2F
1-2: Strikes out swinging
Bottom of the 9th over - 0 run(s), 0 hit(s), 0 error(s), 1 left on base; Rutgers 6 - Virginia Tech 2
Thursday, March 30th, 2017 - OOTP Baseball 17.12 Build 75